 Dungeon Crawl Stone Soup version 0.28.0-45-g0d030f2227 (webtiles) character file.

Game seed: 9763792156115933464

453 zeratav the Insei (level 7, -1/46 HPs)
             Began as an Octopode Transmuter on Apr 11, 2022.
             Slain by an adder (3 damage)
             ... on level 4 of the Dungeon.
             The game lasted 00:09:52 (4685 turns).

zeratav the Insei (Octopode Transmuter)             Turns: 4685, Time: 00:09:53

Health: -1/46      AC:  1    Str: 10    XL:     7   Next: 5%
Magic:  10/10      EV: 14    Int: 15    God:
Gold:   136        SH:  0    Dex: 14    Spells: 9/10 levels left

rFire   . . .      SeeInvis .   f - +2 short sword (speed) {short}
rCold   . . .      Faith    .   (no shield)
rNeg    + . .      Spirit   .   (helmet currently unavailable)
rPois   .          Reflect  .   (no amulet)
rElec   .          Harm     .   e - ring of positive energy
rCorr   +          Rampage  .   g - ring of resist corrosion
Will    .....                   (no ring)
Stlth   ++++......              (no ring)
HPRegen 0.15/turn               (no ring)
MPRegen 0.12/turn               (no ring)
                                (no ring)
                                (no ring)

@: appendages (expiring)
A: tentacle spike 3, almost no armour, amphibious, 8 rings, camouflage 1,
gelatinous body 1, (nimble swimmer 1), tentacles
a: End Transformation


You were on level 4 of the Dungeon.
One of your tentacles had grown a beastly spike.
You visited 1 branch of the dungeon, and saw 4 of its levels.

You collected 136 gold pieces.


Innate Abilities, Weirdness & Mutations

One of your tentacles has grown a beastly spike.
You cannot wear most types of armour.
You are amphibious.
You can wear up to eight rings at the same time.
Your skin changes colour to match your surroundings (Stealth+).
Your rubbery body absorbs attacks. (AC +1, EV +1)
((You are camouflaged when in or above water. (Stealth+)))
You have tentacles for arms and can constrict up to eight enemies at once.


   Skills:
 + Level 3.2 Fighting
 + Level 3.6 Dodging
 + Level 4.2 Stealth
 * Level 5.3 Unarmed Combat
 - Level 2.0 Spellcasting
 - Level 2.0 Transmutations


You had 9 spell levels left.
You knew the following spells:

 Your Spells              Type           Power      Damage    Failure   Level
a - Beastly Appendage     Tmut           14%        N/A       10%         1

Your spell library contained the following spells:

 Spells                   Type           Power      Damage    Failure   Level
 Wereblood                Tmut           7%         N/A       14%         2
 Slow                     Hex            4%         N/A       22%         1
 Spider Form              Tmut/Pois      4%         N/A       41%         3
 Confusing Touch          Hex            1%         N/A       54%         3
 Vampiric Draining        Necr           1%         2d6       54%         3
 Ice Form                 Ice/Tmut       4%         N/A       82%         4
 Malign Gateway           Summ/Tloc      0%         N/A       100%        7
 Summon Horrible Things   Summ           0%         N/A       100%        8

Inventory:

Hand Weapons
 d - a +1 short sword of draining {short}
   (You found it on level 1 of the Dungeon)
 f - a +2 short sword of speed (weapon) {short}
   (You took it off a kobold on level 3 of the Dungeon)
Jewellery
 e - a ring of positive energy (left tentacle)
   (You found it on level 2 of the Dungeon)
 g - a ring of resist corrosion (right tentacle)
   (You took it off a hobgoblin on level 3 of the Dungeon)
Wands
 k - a wand of polymorph (6)
   (You took it off an orc on level 3 of the Dungeon)
Scrolls
 b - a scroll of brand weapon {unknown}
 h - 2 scrolls of identify {unknown}
 i - a scroll of enchant weapon {unknown}
 n - a scroll of magic mapping {unknown}
 o - a scroll of summoning {unknown}
 q - a scroll of blinking {unknown}
Potions
 a - a potion of degeneration {unknown}
 c - 4 potions of curing {unknown}
 j - a potion of invisibility {unknown}
 l - a potion of might {unknown}
 m - a potion of berserk rage {unknown}
 p - a potion of magic {unknown}

Dungeon Overview and Level Annotations

Branches:
Dungeon (4/15)
 Temple: D:4-7

Altars:
Nemelex Xobeh

Shops:
D:2 (   D:4 *

Annotations:
D:3 Grinder, Sigmund

.[##............§##
..######..........#
.... ..#
#....§.....# .....
#.#
##.......#.##.....
..#
##......†.......S
..##
######.......)..
...# .........?...
...# #####.S.......
...# #@#.......
...# .# #.##......
...# #.# #.# #.#.#.
...###..# ?.# .#.#
....#..# ###
....#.# ......#
......###..
............


You could see an adder.


Message History

HP[+1]
You now have 42 max hp (+1).
Your hp is fully restored (42).
A jackal comes into view.
MP[+1]
Your mp is fully restored (9).
You hit the jackal. You grab the jackal.
You pierce the jackal.
You kill the jackal!
A white imp comes into view.
You see here a jackal corpse.
The jackal barks!
An adder skeleton comes into view.
The white imp gestures at you. The puff of frost hits you!
HP[-10]
You take 10 damage, and now have 32/42 hp.
MASSIVE DAMAGE!! (PAUSE)
You closely miss the jackal. You grab the jackal. You squeeze the jackal.
Your tentacle spike disappears.
You constrict the jackal.
You kill the jackal!
You hit the white imp. You grab the white imp. You squeeze the white imp.
You constrict the white imp, but do no damage.
The white imp lashes its tail.
The white imp closely misses you.
You hit the white imp but do no damage. You squeeze the white imp.
You constrict the white imp, but do no damage.
You hit the white imp. You squeeze the white imp.
You kill the white imp!
The adder skeleton barely misses you.
HP[+1]
You hit the adder skeleton. You grab the adder skeleton.
You squeeze the adder skeleton! You constrict the adder skeleton.
The adder skeleton bites you but does no damage.
You hit the adder skeleton.
You destroy the adder skeleton!
A phantom comes into view.
One of your tentacles grows a vicious spike.
MP[-1]
You lost 1 mp, and now have 8/9 mp.
Your transformation is almost over.
You see here a jackal corpse.
The phantom hits you!
An adder comes into view.
HP[-7]
You take 7 damage, and now have 26/42 hp.
The adder hisses angrily.
You hit the phantom.
Your tentacle spike misses the phantom.
The phantom hits you.
The phantom blinks!
You blink.
HP[-4]
You take 4 damage, and now have 22/42 hp.
You miss the phantom.
You squeeze the phantom, but do no damage.
The phantom hits you.
* * * LOW HITPOINT WARNING * * *
The phantom blinks!
You blink.
HP[-3]
You take 3 damage, and now have 19/42 hp.
You closely miss the phantom. The phantom closely misses you.
You closely miss the phantom.
You pierce the phantom.
You tentacle-slap the phantom, but do no damage.
You squeeze the phantom! You hit the phantom. The phantom hits you.
* * * LOW HITPOINT WARNING * * *
The phantom blinks!
You blink.
HP[-2]
You take 2 damage, and now have 17/42 hp.
You closely miss the phantom.
You pierce the phantom.
The phantom hits you!
* * * LOW HITPOINT WARNING * * *
HP[-7]
You take 7 damage, and now have 10/42 hp.
Unknown command.
You closely miss the phantom. You squeeze the phantom.
You barely miss the phantom.
You pierce the phantom, but do no damage.
The phantom hits you!
* * * LOW HITPOINT WARNING * * *
HP[-9]
You take 9 damage, and now have 1/42 hp.
MASSIVE DAMAGE!! (PAUSE)
You closely miss the phantom. Your squeeze misses the phantom.
The adder closely misses you. The phantom closely misses you.
MP[+1]
Your mp is fully restored (9).
You hit the phantom but do no damage. The adder barely misses you.
You closely miss the phantom.
Your tentacle spike misses the phantom.
You squeeze the phantom.
You destroy the phantom!
The adder barely misses you.
You have reached level 7!
HP[+1] MP[+1]
You now have 46 max hp (+4).
Your mp is fully restored (10).
Casting: Beastly Appendage (safe; 10% risk of failure)
Confirm with . or Enter, or press ? or * to list all spells.
You don't know that spell.
You completely miss the adder. You grab the adder.
You pierce the adder.
You constrict the adder. The adder bites you.
You die...

Skill      XL: |  1  2  3  4  5  6 |
---------------+-------------------+-----
Stealth        | 1 2 3 4 |  4.2
Fighting       | 2 3 |  3.2
Unarmed Combat | 4 5 |  5.3
Dodging        | 3 |  3.6
Spellcasting   | |  2.0
Transmutations | |  2.0

Action                   |  1- 3 |  4- 6 |  7- 9 || total
-------------------------+-------+-------+-------++-------
Melee: Unarmed           |    49 |       |       ||    49
       Kick              |    27 |    29 |     1 ||    57
       Constrict         |    23 |    35 |     1 ||    59
       Tentacles         |     8 |    25 |       ||    33
       Short sword       |    32 |   115 |     1 ||   148
       Punch             |       |     4 |       ||     4
 Cast: Beastly Appendage |    33 |    22 |       ||    55
 Stab: Sleeping          |    12 |     5 |       ||    17
Armor: Skin              |     4 |     3 |       ||     7
Dodge: Dodged            |    54 |    66 |       ||   120

Levels and vault maps discovered:
D:1:      lightli_arrival_boilingwater, layout_basic,
          hangedman_decor_peaks_small, serial_park_tiny_2
D:2:      layout_basic, serial_shops, nicolae_shop_bloodbath_and_beyond,
          dreamdust_ecumenical_altar_drowned_temple
D:3:      layout_basic, nemelex_dance_club_becter, roderic_roman_lattice,
          chequers_serial_rivers_large_a, minmay_joined_circles, uniq_sigmund,
          uniq_grinder
D:4:      layout_rooms, grunt_temple_overflow_forces_of_nature, serial_shops,
          shop, uniq_edmund

Notes
Turn   | Place    | Note
-------+----------+-------------------------------------------
     0 | D:1      | zeratav the Octopode Transmuter began the quest for the
                  | Orb.
     0 | D:1      | Reached XP level 1. HP: 13/13 MP: 3/3
     0 | D:1      | magus.rc [v1.9.6]
   133 | D:1      | Reached XP level 2. HP: 18/18 MP: 3/5
   344 | D:1      | Reached skill level 1 in Stealth
   516 | D:1      | You pick up a book of Debilitation and begin reading...
   516 | D:1      | You add the spells Slow, Vampiric Draining and Confusing
                  | Touch to your library.
   531 | D:1      | Reached XP level 3. HP: 23/23 MP: 4/6
  1138 | D:2      | You add the spells Malign Gateway and Summon Horrible
                  | Things to your library.
  1540 | D:2      | Reached skill level 2 in Stealth
  1592 | D:2      | Found a faded altar of an unknown god.
  1694 | D:2      | Reached XP level 4. HP: 24/29 MP: 7/7
  1781 | D:2      | Found Apneog's Weapon Emporium.
  1794 | D:2      | HP: 7/29 [poisoned by an adder]
  2081 | D:2      | Reached skill level 2 in Fighting
  2473 | D:3      | HP: 7/29 [poisoned by an adder]
  2475 | D:3      | Reached skill level 4 in Unarmed Combat
  2781 | D:3      | Reached XP level 5. HP: 20/34 MP: 5/8
  3133 | D:3      | Found a sparkling altar of Nemelex Xobeh.
  3187 | D:3      | HP: 8/34 [orc/+0 club (3)]
  3187 | D:3      | HP: 3/34 [orc wizard/+0 dagger (5)]
  3189 | D:3      | Reached skill level 3 in Stealth
  3489 | D:3      | Reached skill level 3 in Dodging
  4059 | D:3      | Noticed Sigmund
  4352 | D:3      | Noticed Grinder
  4526 | D:4      | Noticed a necrophage
  4541 | D:4      | Killed a necrophage
  4542 | D:4      | Reached XP level 6. HP: 30/41 MP: 9/9
  4647 | D:4      | Noticed a necrophage
  4650 | D:4      | Found Etulorgh's General Store.
  4656 | D:4      | Killed a necrophage
  4657 | D:4      | Reached skill level 3 in Fighting
  4657 | D:4      | Reached skill level 4 in Stealth
  4657 | D:4      | Reached skill level 5 in Unarmed Combat
  4679 | D:4      | HP: 10/42 [phantom (7)]
  4681 | D:4      | HP: 1/42 [phantom (9)]
  4685 | D:4      | Reached XP level 7. HP: 2/46 MP: 10/10
  4685 | D:4      | Slain by an adder

Vanquished Creatures
  2 necrophages (D:4)
  A phantom (D:4)
  An orc wizard (D:3)
  5 adders
  A gnoll (D:3)
  A white imp (D:4)
  An adder skeleton (D:4)
  A worm (D:2)
  5 dart slugs
  9 orcs (D:3)
  7 ball pythons
  11 endoplasms
  6 giant cockroaches
  4 goblins (D:2)
  6 hobgoblins
  9 jackals
  8 kobolds
  2 quokkas
  4 bats
  2 frilled lizards
  9 rats
  A spectral goblin (D:2)
96 creatures vanquished.

Table legend:
 A = Non-vault XP
 B = Vault XP
 C = Vault XP percentage of total XP
 D = Non-vault monster count
 E = Vault monster count
 F = Vault count percentage of total count
                 A         B        C        D         E       F
            +---------+---------+-------+---------+---------+-------
      Total |     606 |      42 |   6.5 |      81 |      15 |  15.6
            +---------+---------+-------+---------+---------+-------
        D:1 |      49 |       0 |   0.0 |      27 |       0 |   0.0
        D:2 |      72 |       1 |   1.4 |      25 |       1 |   3.8
        D:3 |     119 |      41 |  25.6 |      21 |      14 |  40.0
        D:4 |     366 |       0 |   0.0 |       8 |       0 |   0.0
            +---------+---------+-------+---------+---------+-------

Illustrated notes

Table legend:
 A = Kills in this place as a percentage of kills in entire the game.
 B = Kills by you in this place as a percentage of kills by you in the entire game.
 C = Kills by friends in this place as a percentage of kills by friends in the entire game.
 D = Other kills in this place as a percentage of other kills in the entire game.
 E = Experience gained in this place as a percentage of experience gained in the entire game.
 F = Experience gained in this place divided by the number of levels of this place that you have seen.
                   A       B       C       D       E      F
               +-------+-------+-------+-------+-------+----------------------
         Total | 100.0 | 100.0 |   N/A |   N/A | 100.0 | 162.0
       Dungeon | 100.0 | 100.0 |   N/A |   N/A | 100.0 | 162.0
               +-------+-------+-------+-------+-------+----------------------

Table legend: (Time is in decaauts)
 A = Elapsed time spent in this place.
 B = Non-inter-level travel time spent in this place.
 C = Inter-level travel time spent in this place.
 D = Time resting spent in this place.
 E = Time spent auto-exploring this place.
 F = Levels seen in this place.
 G = Mean time per level.
                   A        B        C        D        E       F      G
               +--------+--------+--------+--------+--------+-----+--------+
         Total |   4664 |   4419 |    245 |    728 |   2946 |   4 | 1166.0 |
       Dungeon |   4664 |   4419 |    245 |    728 |   2946 |   4 | 1166.0 |
               +--------+--------+--------+--------+--------+-----+--------+

Top non-repeatable levels by time:
     D:3: 1854 daAuts
     D:2: 1535 daAuts
     D:1: 1107 daAuts
     D:4: 167 daAuts
